AoeStats
← уринатерапевт

Arena

510119087Analyzed
2v2 RM · 4d ago on Sep 29, 2026· 51m 19s· 4 players
Game mode
Random Map
Map size
Medium (4 player)
Population
200
Speed
Normal
Resources
Standard
Victory
Conquest
Starting age
Dark Age
Ending age
Imperial Age
RankedLock teamsTeams togetherTeam positionsShared explorationLock speedFull tech treeHidden civsTurbo modeCheats
Victory
Defeat
1402
+13
🇷🇺 Portuguese · Russia
1383
+14
🇺🇾 Cumans · Uruguay
1410
-17
🇦🇷 Byzantines · Argentina
1256
-10
RENKENO/Kick.tv
11:05 Feudal Age
9:58 Loom
14:59 Castle Age
13:45 Double-Bit Axe
13:56 Horse Collar
16:35 Bow Saw
18:59 Fervor
23:45 Atonement
25:44 Heavy Plow
25:38 Fletching
27:11 Squires
26:58 Arson
26:58 Gambesons
31:15 Imperial Age
29:22 Wheelbarrow
29:18 Sanctity
29:45 Forging
29:35 Scale Mail Armor
29:43 Scale Barding Armor
29:29 Gold Mining
29:29 Stone Mining
30:00 Husbandry
31:35 Chain Barding Armor
31:45 Hand Cart
32:32 Conscription
31:40 Heavy Camel Rider
33:00 Iron Casting
33:07 Ballistics
34:22 Plate Barding Armor
33:45 Bodkin Arrow
33:59 Bodkin Arrow
35:05 Crop Rotation
35:46 Bracer
35:49 Padded Archer Armor
35:43 Arrowslits
35:38 Treadmill Crane
36:32 Crossbowman
36:33 Elite Skirmisher
40:58 Chemistry
41:38 Leather Archer Armor
41:26 Scale Mail Armor
41:34 Light Cavalry
45:19 Hussar
47:18 Hoardings
49:10 Ring Archer Armor
51:01 Two-Man Saw
50:10 Pikeman
51:07 Chain Mail Armor
50:39 Halberdier
Gordo Tetovich
7:05 Loom
10:40 Feudal Age
11:43 Double-Bit Axe
11:41 Horse Collar
12:53 Wheelbarrow
16:20 Town Watch
20:34 Castle Age
18:45 Fletching
18:55 Padded Archer Armor
20:49 Elite Skirmisher
21:26 Bodkin Arrow
21:36 Padded Archer Armor
26:04 Leather Archer Armor
28:46 Imperial Age
29:39 Scale Barding Armor
29:45 Forging
31:04 Bloodlines
32:28 Cavalier
38:38 Chain Barding Armor
41:06 Plate Barding Armor
50:01 Iron Casting
GLOBAL ELITE
8:58 Feudal Age
11:35 Loom
14:56 Castle Age
13:26 Double-Bit Axe
14:57 Horse Collar
15:08 Gold Mining
17:56 Bow Saw
20:29 Stone Mining
20:53 Padded Archer Armor
22:22 Wheelbarrow
22:08 Heavy Plow
26:35 Imperial Age
25:30 Treadmill Crane
26:08 Padded Archer Armor
26:41 Light Cavalry
28:27 Chemistry
27:51 Husbandry
28:03 Bloodlines
29:54 Masonry
29:59 Guilds
30:34 Murder Holes
31:11 Architecture
31:27 Conscription
32:37 Fletching
33:34 Ballistics
35:42 Leather Archer Armor
38:31 Two-Man Saw
37:42 Siege Engineers
38:32 Ring Archer Armor
38:26 Fortified Wall
38:32 Cavalier
39:41 Arquebus
40:17 Scale Barding Armor
40:22 Forging
40:08 Bodkin Arrow
41:12 Bombard Tower
41:42 Crop Rotation
43:38 Chain Barding Armor
43:53 Iron Casting
43:19 Bracer
44:48 Plate Barding Armor
44:58 Bracer
45:30 Hand Cart
45:00 Town Watch
47:11 Blast Furnace
48:03 Scale Mail Armor
50:30 Chain Mail Armor
50:21 Town Watch
уринатерапевт
10:20 Feudal Age
8:39 Loom
14:01 Castle Age
12:24 Double-Bit Axe
13:00 Horse Collar
25:36 Padded Archer Armor
30:11 Leather Archer Armor
37:47 Wheelbarrow
39:41 Hand Cart
43:13 Imperial Age
40:34 Town Watch
41:28 Heavy Plow
42:31 Town Patrol
42:49 Scale Barding Armor
42:54 Forging
45:02 Chain Barding Armor
45:17 Iron Casting
45:36 Bloodlines
45:27 Husbandry
44:47 Heavy Camel Rider
46:41 Plate Barding Armor
47:42 Blast Furnace
46:49 Heavy Camel Rider
49:29 Ring Archer Armor
Connection lost

Rejoining the realm…

Still unreachable

The connection could not be restored.

Session expired

The server has moved on; the page needs a fresh start.